Map: Dash and Terminal LE (Void)

Players

hybillisk - Winner!

  • Race: Zerg Zerg
  • League: Gold

wabbajack

  • Race: Zerg Zerg
  • League: Gold

VOD

Have the link to the VOD?

Description

Time

  • Played on: July 21, 2015, 11:24 p.m.
  • Length: 3:47
Show
View Real Time Build Order
Export as new Build Order

hybillisk Zerg - Winner!

Build Orders: Pool Only 

Get SALT Encoding   

  12  0:01  Drone  
  13  0:12  Drone  
  13  0:13  Extractor  
  13  0:31  Spawning Pool  
  13  0:34  Drone  
  13  0:40  Drone  
  14  0:50  Overlord  
  14  1:13  Drone  
  14  1:17  Metabolic Boost  
  15  1:22  Queen  
  17  1:28  Zergling x2  
  18  1:33  Zergling x2  
  18  1:37  Zergling x2  
  20  1:51  Zergling x2  
  20  1:52  Baneling Nest  
  20  2:00  Overlord  
  20  2:06  Zergling x2  
  21  2:13  Zergling x2  
  23  2:22  Zergling x2  
  23  2:33  Overlord  
  23  2:34  Zergling x2  
  23  2:35  Zergling x2  
  25  2:38  Zergling x2  
  26  2:45  Zergling x2  
  27  2:58  Zergling x2  
  28  3:08  Zergling x2  
  28  3:22  Zergling x8  
  31  3:29  Zergling x2  
Show
View Real Time Build Order
Export as new Build Order

wabbajack Zerg 

Build Orders: Hatch First 

Get SALT Encoding   

  12  0:03  Drone  
  13  0:16  Overlord  
  13  0:22  Drone  
  13  0:25  Extractor  
  13  0:26  Drone  
  13  0:27  Extractor  
  13  0:35  Drone  
  16  0:39  Drone  
  17  0:57  Hatchery  
  17  1:00  Drone  
  17  1:01  Drone  
  18  1:04  Extractor  
  17  1:20  Spawning Pool  
  17  1:24  Drone x2  
  18  1:33  Drone  
  19  1:50  Overlord  
  19  1:56  Drone  
  20  2:07  Queen  
  22  2:09  Queen  
  22  2:13  Drone x2  
  22  2:15  Metabolic Boost  
  26  2:17  Drone  
  26  2:21  Drone  
  28  2:27  Drone  
  29  2:34  Spine Crawler  
  28  2:53  Roach Warren  
  27  3:00  Overlord x2  
  25  3:15  Zergling x8  
  25  3:16  Zergling x4  
Tags
 
Add a new tag
Caveats
  • Supply blocks, unpowered buildings, or Contaminate may cause inaccurate times.
  • Supply counts are checked every 10 seconds.